 Dungeon Crawl Stone Soup version 0.19.0-11-g3fc08b3 (webtiles) character file.

109 tomat the Cudgeler (level 4, -1/38 HPs)
             Began as a Minotaur Gladiator on Nov 9, 2016.
             Killed from afar by Natasha (7 damage)
             ... with a wand of flame
             ... on level 2 of the Dungeon.
             The game lasted 00:05:27 (1398 turns).

tomat the Cudgeler (Minotaur Gladiator)             Turns: 1398, Time: 00:05:29

Health: -1/38      AC:  3    Str: 20    XL:     4   Next: 59%
Magic:  3/3        EV: 13    Int:  5    God:
Gold:   10         SH:  0    Dex: 11    Spells: 0 memorised, 3 levels left

rFire  . . .     SeeInvis .     o - +1 hand axe (chop)
rCold  . . .     Gourm    +     b - +0 leather armour
rNeg   . . .     Faith    .     (no shield)
rPois  .         Spirit   .     c - +0 hat
rElec  .         Reflect  .     (no cloak)
rCorr  .         Harm     .     (no gloves)
MR     .....                    (no boots)
Stlth  +.........               p - amulet of the gourmand
                                (no ring)
                                (no ring)

@: no status effects
A: retaliatory headbutt, horns 2
a: no special abilities


You were on level 2 of the Dungeon.
You were hungry.

You visited 1 branch of the dungeon, and saw 2 of its levels.

You collected 10 gold pieces.

Inventory:

Hand Weapons
 a - a +0 flail
 k - a +0 mace
 o - a +1 hand axe of chopping (weapon)
Missiles
 d - 3 throwing nets (quivered)
 m - 5 tomahawks
Armour
 b - a +0 leather armour (worn)
 c - a +0 hat (worn)
Jewellery
 p - an amulet of the gourmand (around neck)
Scrolls
 e - a scroll of magic mapping {unknown}
 g - a scroll of identify {unknown}
 h - a scroll of fear {unknown}
 i - a scroll of remove curse {unknown}
 l - 2 scrolls of recharging {unknown}
 q - 2 scrolls of noise
Comestibles
 f - a bread ration
 j - a meat ration


   Skills:
 + Level 3.2 Fighting
 + Level 5.1 Maces & Flails
 + Level 2.1 Throwing
 + Level 1.2 Armour
 + Level 4.1 Dodging


You had 3 spell levels left.
You didn't know any spells.

Dungeon Overview and Level Annotations

Branches:
Dungeon (2/15)

Altars:

Annotations:
D:2 Natasha


Innate Abilities, Weirdness & Mutations

You reflexively headbutt those who attack you in melee.
You have a pair of horns on your head.


Message History

Natasha hisses angrily.
You hear an angry hiss.
Natasha zaps a wand.
The puff of flame hits you!
It is a wand of flame.
Natasha stares at you and mumbles some strange words.
The magic dart hits you!
A frilled lizard comes into view.
The frilled lizard hisses angrily.
Natasha casts a spell.
Natasha zaps a wand.
The puff of flame misses you.
It was a potion of curing.
You feel better.
Natasha zaps a wand.
The puff of flame hits you!
Natasha zaps a wand.
The puff of flame hits you!
You completely miss Natasha. Your headbutt misses Natasha. Natasha claws you!
You hit Natasha.
Natasha is lightly wounded.
Natasha zaps a wand.
The puff of flame hits you!
* * * LOW HITPOINT WARNING * * *
Natasha mumbles some strange words.
Natasha's front paws start to glow.
Natasha zaps a wand.
The puff of flame hits you!
You die...

###.######### #.# #.#
#.# ##.## ###...##
#....#.# ### #.#.#.##
##@###.##.##
##h#.##.############
##l###.#.#####.......
#.## ##........######
##.###.#.#######
##.#.##.# #...##.#
#...##.# ####...##.#


You could see Natasha and a frilled lizard.

Vanquished Creatures
  Natasha (D:2)
  4 adders (D:2)
  2 worms (D:2)
  2 dart slugs (D:1)
  A leopard gecko (D:2)
  A giant cockroach (D:2)
  A goblin (D:1)
  4 hobgoblins (D:1)
  6 jackals (D:1)
  A quokka (D:2)
  2 ball pythons (D:2)
  4 bats
  A frilled lizard (D:2)
  5 kobolds
  6 rats
41 creatures vanquished.

Notes
Turn   | Place    | Note
-------+----------+-------------------------------------------
     0 | D:1      | tomat the Minotaur Gladiator began the quest for the Orb.
     0 | D:1      | Reached XP level 1. HP: 18/18 MP: 0/0
    26 | D:1      | Reached XP level 2. HP: 20/25 MP: 1/1
   176 | D:1      | Reached skill level 4 in Maces & Flails
   581 | D:2      | Reached XP level 3. HP: 21/30 MP: 2/2
   935 | D:2      | Reached XP level 4. HP: 32/37 MP: 3/3
   943 | D:2      | Noticed Natasha
   950 | D:2      | Killed Natasha
   950 | D:2      | Reached skill level 5 in Maces & Flails
   950 | D:2      | Reached skill level 1 in Armour
  1379 | D:2      | Noticed Natasha
  1398 | D:2      | Killed from afar by Natasha

Skill      XL: |  1  2  3  4 |
---------------+-------------+-----
Maces & Flails | 4 5 |  5.1
Fighting       | 3 |  3.2
Armour         | 1 |  1.2
Dodging        | 4 |  4.1
Throwing       | |  2.1

Action                   |  1- 3 |  4- 6 || total
-------------------------+-------+-------++-------
Melee: Flail             |    46 |       ||    46
       Headbutt          |     8 |     6 ||    14
       Mace              |    23 |    21 ||    44
       Hand axe          |       |     3 ||     3
  Use: Scroll            |       |     1 ||     1
       Potion            |       |     1 ||     1
  Eat: Chunk             |       |     1 ||     1
Armor: Leather armour    |    20 |     3 ||    23
Dodge: Dodged            |    56 |    13 ||    69
